 Dungeon Crawl Stone Soup version 0.28-a0-697-g47f3eba078 (webtiles) character file.

Game seed: 7490091130744056967

15809 porpoise the Thaumaturge (level 12, -4/68 HPs)
             Began as a Deep Elf Conjurer on Oct 24, 2021.
             Was an Elder of Vehumet.
             Shot with an arrow by a centaur warrior (10 damage)
             ... on level 10 of the Dungeon.
             The game lasted 01:06:56 (16336 turns).

porpoise the Thaumaturge (Deep Elf Conjurer)       Turns: 16336, Time: 01:06:57

Health: -4/68      AC:  7    Str:  6    XL:     12   Next: 4%
Magic:  13/31      EV: 15    Int: 27    God:    Vehumet [****..]
Gold:   311        SH: 10    Dex: 13    Spells: 22/38 levels left

rFire   + . .      SeeInvis +   b - +2 hunting sling (flame)
rCold   . . .      Faith    .   B - +0 buckler
rNeg    + . .      Spirit   .   P - +2 robe {rF+}
rPois   .          Reflect  +   q - +0 helmet
rElec   .          Harm     .   (no cloak)
rCorr   .          Rampage  .   u - +0 pair of gloves
Will    +....                   z - +0 pair of boots
Stlth   +++.......              v - amulet of reflection
HPRegen 0.21/turn               d - ring of positive energy
MPRegen 0.22/turn               I - ring of see invisible

@: very slightly contaminated, studying Air Magic
A: no striking features
a: Renounce Religion


You were on level 10 of the Dungeon.
You worshipped Vehumet.
Vehumet was greatly pleased with you.
You visited 3 branches of the dungeon, and saw 12 of its levels.

You collected 675 gold pieces.
You spent 364 gold pieces at shops.

Inventory:

Hand Weapons
 a - a +2 short sword of freezing
 b - a +2 hunting sling of flaming (weapon)
Missiles
 h - 90 sling bullets (quivered ammo)
 j - 8 poisoned darts
 H - 4 curare-tipped darts
Armour
 q - a +0 helmet (worn)
 u - a +0 pair of gloves (worn)
 z - a +0 pair of boots (worn)
 B - a +0 buckler (worn)
 P - a +2 robe of fire resistance (worn)
Jewellery
 d - a ring of positive energy (left hand)
 t - a ring of fire
 v - an amulet of reflection (around neck)
 I - a ring of see invisible (right hand)
Wands
 C - a wand of paralysis (9)
 D - a wand of acid (11)
 E - a wand of mindburst (15)
Scrolls
 c - a scroll of identify
 e - a scroll of fear {unknown}
 p - a scroll of blinking
 y - 2 scrolls of vulnerability
 A - 4 scrolls of teleportation
 J - 2 scrolls of summoning
 K - a scroll of noise {unknown}
 U - a scroll of immolation {unknown}
 W - a scroll of silence {unknown}
 Y - a scroll of enchant armour {unknown}
Potions
 f - 2 potions of flight
 g - 5 potions of curing
 i - 3 potions of attraction
 n - a potion of resistance
 G - a potion of lignification {unknown}
 L - a potion of heal wounds {unknown}
 Q - 2 potions of degeneration {unknown}
 S - a potion of ambrosia {unknown}
Miscellaneous
 l - a phial of floods
 o - a condenser vane


   Skills:
 - Level 5.0 Fighting
 - Level 7.0 Dodging
 - Level 7.0 Stealth
 - Level 4.0 Shields
 + Level 13.8 Spellcasting
 - Level 9.0 Conjurations
 - Level 9.0 Hexes
 - Level 5.0 Translocations
 + Level 2.2 Transmutations
 - Level 7.0 Evocations


You had 22 spell levels left.
You knew the following spells:

 Your Spells              Type           Power      Damage    Failure   Level
a - Magic Dart            Conj           100%       1d8       1%          1
b - Searing Ray           Conj           100%       2d8       1%          2
c - Fulminant Prism       Conj/Hex       30%        3d16      1%          4
d - Iskenderun's Mystic   Conj/Tloc      54%        2d12      1%          4
r - Irradiate             Conj/Tmut      24%        3d21      2%          5

Your spell library contained the following spells:

 Spells                   Type           Power      Damage    Failure   Level
 Lightning Bolt           Conj/Air       21%        1d36      3%          5
 Ensorcelled Hibernation  Hex/Ice        84%        N/A       1%          2
 Dazzling Flash           Conj/Hex       100%       N/A       1%          3
 Tukima's Dance           Hex            61%        N/A       1%          3
 Sublimation of Blood     Necr           9%         N/A       4%          2
 Ozocubu's Armour         Ice            18%        N/A       9%          3
 Metabolic Englaciation   Hex/Ice        21%        N/A       13%         5
 Petrify                  Tmut/Erth      24%        N/A       19%         4
 Simulacrum               Ice/Necr       9%         N/A       99%         6


Dungeon Overview and Level Annotations

Branches:
Dungeon (10/15)            Temple (1/1) D:4            Lair (1/6) D:9
    Orc: D:9-12

Altars:
Ashenzari
Cheibriados
Dithmenos
Elyvilon
Fedhas
Hepliaklqana
Kikubaaqudgha
Nemelex Xobeh
Okawaru
Sif Muna
Trog
Uskayaw
Vehumet
Wu Jian
Xom
Yredelemnul
Zin
The Shining One

Shops:
D:10 *

Annotations:
D:8 2 transporters, KoroneIsBestGirl's ghost, novice BaIE
Lair:1 3 runed translucent doors, Ejua's ghost, journeyman SpAK; Vinet's ghost, journeyman DECj; Zihiad's ghost, journeyman DgTm


Message History

Casting: Fulminant Prism (safe; 1% risk of failure)
Confirm with . or Enter, or press ? or * to list all spells.
Aiming: Fulminant Prism (safe; 1% risk of failure)
Press: ? - help, Dir - move target
Okay, then.
Unknown command.
Unknown command.
As you read the scroll of fog, it crumbles to dust.
The scroll dissolves into smoke.
Casting: Fulminant Prism (safe; 1% risk of failure)
Confirm with . or Enter, or press ? or * to list all spells.
You erupt in a blast of force!
The mystic blast hits the centaur warrior but does no damage.
The centaur warrior is lightly wounded.
You hear an angry hiss.
The centaur warrior shoots an arrow.
The arrow closely misses you.
The eight-headed hydra roars!
Casting: Iskenderun's Mystic Blast (safe; 1% risk of failure)
Confirm with . or Enter, or press ? or * to list all spells.
You erupt in a blast of force!
The mystic blast hits the centaur warrior!
The centaur warrior is moderately wounded.
The centaur warrior is knocked back by the mystic blast.
The centaur warrior slams into the stone wall!
The mystic blast hits the eight-headed hydra!
The eight-headed hydra is almost dead.
The centaur warrior shoots an arrow.
The arrow hits you.
* * * LOW HITPOINT WARNING * * *
Okay, then.
Unknown command.
Casting: Iskenderun's Mystic Blast (safe; 1% risk of failure)
Confirm with . or Enter, or press ? or * to list all spells.
You erupt in a fountain of uncontrolled magic!
The eight-headed hydra is blasted with magical radiation!!
You kill the eight-headed hydra!
Vehumet accepts your kill.
You feel your power returning.
You are very lightly contaminated with residual magic.
The centaur warrior shoots an arrow.
The arrow hits you!
You die...

#.# ##..########## #.
#.# #.##.........# .#.
##.#
#.##.###.###.##.##
#..##
###.###.....####.##
#...#
##...##.......##...#
##.#.##
#...####..#..##.#.#.
#..#..#
#.##..##..#..###...#
#.###.##
###§§§c###...##..#.#.
#.# #..#
#.§§@##.##...##.#...#
#.# ##.##
#..§##§§.c##.##...#.#.
#.# #..#
#.##..§§).##.##..#...#
#.#####.# #
#####)##)##.#######
#...##..##
.##)##...##....
#...##.(.# .
#.##.##.#.##.
#...##.#.## T#
#.###.#.##.##
..........# . #.#
#(##.#..# ..........##
.# ##.####.#)#.##


You could see a centaur warrior.

Vanquished Creatures
  A hydra (D:10)
  A centaur warrior (D:10)
  2 two-headed ogres (D:10)
  Urug (Lair:1)
  Sonja (Lair:1)
  A deep elf pyromancer (D:10)
  3 cane toads (Lair:1)
  Maggie (D:8)
  Psyche (D:8)
  A rime drake (Lair:1)
  A kobold demonologist (D:10)
  2 komodo dragons
  An efreet (D:10)
  6 trolls
  Grinder (D:5)
  A hornet (D:7)
  2 shadows (D:10)
  3 wyverns
  16 yaks (Lair:1)
  2 steam dragons
  Edmund (D:5)
  A water moccasin (D:5)
  7 orc warriors
  3 sky beasts
  A black bear (D:7)
  2 ice beasts
  A hornet zombie (D:6)
  2 necrophages (D:6)
  4 ogres
  A phantom (D:6)
  3 wolves (Lair:1)
  3 centaurs
  3 kobold brigands
  2 wyvern zombies
  6 bullfrogs
  A water moccasin zombie (D:5)
  3 scorpions
  3 killer bees (D:8)
  5 bullfrog zombies
  3 centaur zombies
  3 orc priests
  2 jellies (D:6)
  A gnoll shaman (D:8)
  2 hounds (D:6)
  6 bullfrog skeletons
  A centaur skeleton (D:3)
  Jessica (D:3)
  5 iguanas
  4 orc wizards
  A killer bee zombie (D:8)
  A hound zombie (D:5)
  3 hound skeletons (D:5)
  Robin (D:3)
  2 howler monkey zombies
  9 gnolls
  5 adders
  A howler monkey skeleton (D:6)
  A shadow imp (D:6)
  2 white imps
  An ufetubus (D:6)
  2 worms (D:2)
  2 dart slugs
  29 orcs
  6 ball pythons
  3 bats
  7 endoplasms
  4 giant cockroaches
  16 hobgoblins
  7 jackals
  2 quokkas
  5 frilled lizards
  14 goblins
  9 kobolds
  5 rats
266 creatures vanquished.

Vanquished Creatures (others)
  67 fulminant prisms
  4 fungi (Lair:1)
  11 plants
  10 withered plants
92 creatures vanquished.

Grand Total: 358 creatures vanquished

Notes
Turn   | Place    | Note
-------+----------+-------------------------------------------
     0 | D:1      | porpoise the Deep Elf Conjurer began the quest for the Orb.
     0 | D:1      | Reached XP level 1. HP: 10/10 MP: 6/6
   253 | D:1      | Reached XP level 2. HP: 15/15 MP: 4/8
   291 | D:1      | Learned a level 2 spell: Searing Ray
   679 | D:1      | Reached skill level 4 in Spellcasting
   915 | D:1      | Reached skill level 5 in Conjurations
   915 | D:1      | Reached XP level 3. HP: 19/19 MP: 5/10
  1689 | D:2      | Found a faded altar of an unknown god.
  1743 | D:2      | Got the Handbook of Hexes
  1794 | D:2      | Reached XP level 4. HP: 24/24 MP: 8/12
  1836 | D:2      | Learned a level 4 spell: Fulminant Prism
  1841 | D:2      | Learned a level 4 spell: Iskenderun's Mystic Blast
  2265 | D:3      | Found an iron altar of Okawaru.
  2266 | D:3      | Found a shadowy altar of Dithmenos.
  2267 | D:3      | Found a basalt altar of Yredelemnul.
  2268 | D:3      | Found a glowing golden altar of the Shining One.
  2314 | D:3      | Reached skill level 5 in Spellcasting
  2314 | D:3      | Reached skill level 1 in Hexes
  2445 | D:3      | Noticed Robin
  2808 | D:3      | Noticed Jessica
  2812 | D:3      | Killed Jessica
  2813 | D:3      | Reached XP level 5. HP: 27/28 MP: 10/14
  2929 | D:3      | Killed Robin
  3498 | D:4      | Reached skill level 6 in Spellcasting
  3714 | D:4      | Found a blossoming altar of Fedhas.
  3773 | D:4      | Noticed an ogre
  3777 | D:4      | Killed an ogre
  3778 | D:4      | Reached XP level 6. HP: 32/32 MP: 12/17
  3864 | D:4      | Found a staircase to the Ecumenical Temple.
  3880 | Temple   | Entered the Ecumenical Temple
  3895 | Temple   | Became a worshipper of Vehumet
  4466 | D:5      | Entered Level 5 of the Dungeon
  4523 | D:5      | Noticed a sky beast
  4530 | D:5      | Killed a sky beast
  4531 | D:5      | Reached skill level 7 in Spellcasting
  4531 | D:5      | Reached skill level 5 in Hexes
  4837 | D:5      | Reached skill level 1 in Translocations
  4837 | D:5      | Reached XP level 7. HP: 36/36 MP: 15/19
  5274 | D:5      | Noticed Edmund
  5292 | D:5      | Killed Edmund
  5546 | D:5      | Reached skill level 5 in Translocations
  5556 | D:5      | Reached skill level 1 in Fighting
  5556 | D:5      | Reached XP level 8. HP: 43/43 MP: 7/21
  6038 | D:5      | Reached skill level 8 in Spellcasting
  6061 | D:5      | Noticed Grinder
  6068 | D:5      | Killed Grinder
  6068 | D:5      | Reached * piety under Vehumet
  6068 | D:5      | Offered knowledge of Shock by Vehumet.
  6433 | D:5      | Reached skill level 9 in Spellcasting
  6614 | D:5      | Found a snail-covered altar of Cheibriados.
  6784 | D:6      | Reached XP level 9. HP: 44/52 MP: 1/24
  7218 | D:6      | Reached skill level 5 in Fighting
  7414 | D:6      | Reached skill level 1 in Shields
  8076 | D:7      | Reached ** piety under Vehumet
  8077 | D:7      | Reached skill level 10 in Spellcasting
  8146 | D:7      | Offered knowledge of Scorch by Vehumet.
  8352 | D:7      | Noticed a troll
  8361 | D:7      | Killed a troll
  8650 | D:7      | Found a faded altar of an unknown god.
  8655 | D:7      | Reached skill level 11 in Spellcasting
  8686 | D:7      | Found a hazy altar of Hepliaklqana.
  8746 | D:7      | Reached XP level 10. HP: 59/59 MP: 12/27
  8935 | D:7      | Found a hide-covered altar of Uskayaw.
  9007 | D:7      | Found a shimmering blue altar of Sif Muna.
  9059 | D:8      | Noticed Psyche
  9063 | D:8      | Killed Psyche
  9068 | D:8      | Noticed KoroneIsBestGirl's ghost (novice BaIE)
  9286 | D:8      | Noticed Maggie
  9295 | D:8      | Killed Maggie
  9302 | D:8      | Offered knowledge of Static Discharge by Vehumet.
  9310 | D:8      | Reached skill level 12 in Spellcasting
  9730 | D:8      | Found a transporter.
  9739 | D:8      | Identified the +5 whip "Ellilois" {vorpal, rF+ Int+4 Dex+4}
  9883 | D:8      | Reached skill level 5 in Dodging
 10148 | D:8      | Found an ornate altar of the Wu Jian Council.
 10202 | D:8      | Found a glowing silver altar of Zin.
 10424 | D:8      | Found a transporter.
 11127 | D:9      | Reached *** piety under Vehumet
 11294 | D:9      | Reached skill level 1 in Evocations
 12017 | D:9      | Offered knowledge of Inner Flame by Vehumet.
 12395 | D:9      | Found a staircase to the Lair.
 12838 | Lair:1   | Entered Level 1 of the Lair of Beasts
 12870 | Lair:1   | Noticed a cane toad
 12880 | Lair:1   | Killed a cane toad
 13093 | Lair:1   | Identified the +0 ring mail of Satisfaction {Regen+}
 13106 | Lair:1   | Noticed a cane toad
 13112 | Lair:1   | Killed a cane toad
 13113 | Lair:1   | Reached skill level 5 in Evocations
 13113 | Lair:1   | Reached XP level 11. HP: 63/63 MP: 19/29
 13535 | Lair:1   | Noticed Sonja
 13558 | Lair:1   | Noticed Urug
 13564 | Lair:1   | Killed Sonja
 13743 | Lair:1   | Found a runed translucent gate.
 13744 | Lair:1   | Found a runed translucent gate.
 13744 | Lair:1   | Found a runed translucent gate.
 13744 | Lair:1   | Noticed Ejua's ghost (journeyman SpAK)
 13745 | Lair:1   | Noticed Zihiad's ghost (journeyman DgTm)
 13745 | Lair:1   | Noticed Vinet's ghost (journeyman DECj)
 13995 | Lair:1   | Killed Urug
 14664 | D:10     | Entered Level 10 of the Dungeon
 14955 | D:10     | Found Lydem's Changing Room.
 15006 | D:10     | Bought a book of Alchemy for 364 gold pieces
 15012 | D:10     | Learned a level 5 spell: Irradiate
 15023 | D:10     | Found a shimmering altar of Xom.
 15152 | D:10     | Noticed a two-headed ogre
 15163 | D:10     | Killed a two-headed ogre
 15164 | D:10     | Reached skill level 5 in Stealth
 15169 | D:10     | Noticed a centaur warrior
 15177 | D:10     | Killed a centaur warrior
 15531 | D:10     | Noticed a deep elf pyromancer
 15541 | D:10     | Killed a deep elf pyromancer
 15542 | D:10     | Reached skill level 13 in Spellcasting
 15605 | D:10     | Noticed a two-headed ogre
 15614 | D:10     | Killed a two-headed ogre
 15984 | D:10     | Reached skill level 1 in Transmutations
 16207 | D:10     | Reached **** piety under Vehumet
 16278 | D:10     | Reached XP level 12. HP: 68/68 MP: 25/31
 16281 | D:10     | Offered knowledge of Lightning Bolt by Vehumet.
 16328 | D:10     | Noticed a centaur warrior
 16332 | D:10     | Noticed an eight-headed hydra
 16336 | D:10     | Killed an eight-headed hydra
 16336 | D:10     | Shot with an arrow by a centaur warrior

Illustrated notes

Levels and vault maps discovered:
D:1:      dpeg_arrival_tiny_i, layout_rooms
D:2:      layout_loops_ring, chequers_ecumenical_altar_twisty, kennysheep_boxes
D:3:      layout_basic, mainiacjoe_overflow_alcove_3, st_stairs_4, uniq_jessica,
          uniq_robin
D:4:      layout_basic, mainiacjoe_overflow_tiny_flanked,
          minmay_temple_entry_poolview
D:5:      layout_basic, mainiacjoe_overflow_boulevard, serial_undead,
          serial_undead_b, serial_undead_a, serial_undead_e, serial_undead_a,
          serial_undead_b, serial_undead_f, kennysheep_generic_room_12,
          uniq_grinder, uniq_edmund
D:6:      kennysheep_six_static_rooms, layout_rooms,
          amcnicky_mini_rare_corridor_liquid
D:7:      layout_rooms, lemuel_blue_sif_altar,
          beargit_hepliaklqana_dungeon_heroes, mainiacjoe_overflow_alcove_4,
          serial_glass, glass_columns_b, glass_columns_b, glass_columns_c,
          glass_columns_b, minmay_manual_monolith
D:8:      layout_basic, mainiacjoe_overflow_six_doors_small,
          kennysheep_mini_moat, nzn_ghost_randoct, kennysheep_cluttered_room,
          uniq_psyche, uniq_maggie
D:9:      layout_layer_cave, david_lair_shrubbed, special_room
          [special_room_orc], grunt_ministairs_7
D:10:     minmay_the_grid_triangle_9x9_rhombus_full
          [minmay_the_grid_triangle_9x9_zippers_vertical,
          minmay_the_grid_triangle_9x9_dagger,
          minmay_the_grid_triangle_9x9_semitri,
          minmay_the_grid_triangle_9x9_longest,
          minmay_the_grid_triangle_9x9_sprig,
          minmay_the_grid_triangle_9x9_pentomino_pain,
          minmay_the_grid_triangle_9x9_odd_lines,
          minmay_the_grid_triangle_9x9_prize_top_heavy], layout_cross,
          xom_teletrap_fun, nicolae_transmutations_shop, minmay_misc_feat_tower,
          minmay_misc_feat_ornament
Temple:   chequers_temple_sunken
Lair:1:   layout_loops_ring, gammafunk_ghost_cemetery,
          small_statue_intersection, uniq_urug, uniq_sonja

Skill      XL: |  1  2  3  4  5  6  7  8  9 10 11 12 |
---------------+-------------------------------------+-----
Spellcasting   | 4 5 6 7 9 11 12 13 | 13.8
Conjurations   | 5 6 7 9 |  9.0
Hexes          | 2 4 5 7 9 |  9.0
Translocations | 1 5 |  5.0
Fighting       | 1 4 5 |  5.0
Shields        | 4 |  4.0
Dodging        | 7 |  7.0
Evocations     | 5 7 |  7.0
Stealth        | 7 |  7.0
Transmutations | 1 2 |  2.2

Action                   |  1- 3 |  4- 6 |  7- 9 | 10-12 || total
-------------------------+-------+-------+-------+-------++-------
Melee: Short sword       |     1 |       |       |       ||     1
       Whip              |       |       |       |     5 ||     5
 Fire: Hunting sling     |       |    24 |    51 |    69 ||   144
Throw: Dart              |       |       |       |     3 ||     3
 Cast: Magic Dart        |    59 |    25 |       |     4 ||    88
       Searing Ray       |     8 |    26 |    65 |    56 ||   155
       Iskenderun's Myst |       |     1 |    13 |    32 ||    46
       Fulminant Prism   |       |     1 |    17 |    49 ||    67
       Irradiate         |       |       |       |     1 ||     1
Evoke: Wand              |       |       |     1 |     2 ||     3
  Use: Scroll            |       |     4 |     7 |     7 ||    18
 Stab: Sleeping          |     1 |       |       |       ||     1
Armor: Robe              |       |     1 |    20 |     7 ||    28
Dodge: Dodged            |     3 |     3 |    41 |    38 ||    85
Block: Other             |       |       |    13 |       ||    13
       Reflection        |       |       |     1 |     5 ||     6
       Buckler           |       |       |       |    31 ||    31

Table legend: (Time is in decaauts)
 A = Elapsed time spent in this place.
 B = Non-inter-level travel time spent in this place.
 C = Inter-level travel time spent in this place.
 D = Time resting spent in this place.
 E = Time spent auto-exploring this place.
 F = Levels seen in this place.
 G = Mean time per level.
                   A        B        C        D        E       F      G
               +--------+--------+--------+--------+--------+-----+--------+
         Total |  16377 |  15932 |    445 |   7797 |   5950 |  12 | 1364.8 |
       Dungeon |  14552 |  14164 |    388 |   7017 |   5304 |  10 | 1455.2 |
        Temple |     28 |     18 |     10 |      0 |      7 |   1 |   28.0 |
          Lair |   1796 |   1750 |     46 |    780 |    639 |   1 | 1796.0 |
               +--------+--------+--------+--------+--------+-----+--------+

Top non-repeatable levels by time:
     D:9: 2302 daAuts
     D:5: 2236 daAuts
  Lair:1: 1796 daAuts
    D:10: 1672 daAuts
     D:8: 1371 daAuts
     D:2: 1367 daAuts
     D:7: 1238 daAuts
     D:4: 1146 daAuts
     D:6: 1108 daAuts
     D:3: 1064 daAuts
     D:1: 1044 daAuts
  Temple: 28 daAuts
